 Dungeon Crawl Stone Soup version 0.31-a0-214-gb37851dbb3 (webtiles) character file.

Game seed: 12635484999987928771

5474 qw the Cleaver (level 10, -9/65 HPs)
             Began as a Gargoyle Fighter on July 1, 2023.
             Was a Believer of Okawaru.
             Mangled by a two-headed ogre
             ... wielding a +0 giant club
              (24 damage)
             ... on level 9 of the Dungeon.
             The game lasted 00:04:15 (9112 turns).

qw the Cleaver (Gargoyle Fighter)                   Turns: 9112, Time: 00:04:16

Health: -9/65      AC: 20    Str: 25    XL:     10   Next: 69%
Magic:  12/13      EV: 10    Int:  8    God:    Okawaru [**....]
Gold:   260        SH:  6    Dex:  9    Spells: 9/9 levels left

rFire   + + .        Y - +2 war axe
rCold   + . .        c - +0 buckler
rNeg    + + +        u - +0 chain mail "Mytwyps" {rPois rF+ rN++}
rPois   inf          (no helmet)
rElec   +            b - scarf {rC+ rF+}
rCorr   +            (no gloves)
SInv    .            r - +0 pair of boots
Will    +....        (no amulet) Stlth
                     m - ring of willpower
HPRegen 0.30/turn    t - ring of resist corrosion
MPRegen 0.13/turn

%: no passive effects
@: about to teleport, heroic
A: sickness immunity, AC +7, negative energy resistance 1, electricity
resistance, torment resistance 1, petrification resistance
a: Renounce Religion, Heroism


You were on level 9 of the Dungeon.
You worshipped Okawaru.
Okawaru was pleased with you.
You visited 2 branches of the dungeon, and saw 10 of its levels.
You also visited: Sewer.

You collected 512 gold pieces.
You spent 252 gold pieces at shops.


Innate Abilities, Weirdness & Mutations

You are immune to sickness and miasma.
Your stone body is resilient. (AC +7)
You are immune to poison.
You resist negative energy. (rN+)
You are resistant to electric shocks. (rElec)
You are resistant to unholy torment.
You are immune to petrification.


   Skills:
 - Level 8.8(13.8) Fighting
 - Level 11.0(16.0) Axes
 - Level 1.2(6.2) Throwing
 - Level 5.0(10.0) Armour
 + Level 1.6(6.6) Dodging
 - Level 5.1(10.1) Shields
 - Level 4.1 Invocations


You had 9 spell levels left.
You didn't know any spells.
Your spell library was empty.

Inventory:

Hand Weapons
 g - a +3 morningstar
 Y - a +2 war axe (weapon)
Missiles
 k - 4 boomerangs (quivered)
Armour
 b - a scarf of resistance (worn)
 c - a +0 buckler (worn)
 i - the +0 ring mail "Uhebioz" {rPois rC+ Str+2}
   (You found it on level 9 of the Dungeon)

   Str:       It affects your strength (+2).
   rC:        It protects you from cold.
   rPois:     It protects you from poison.
 q - a +0 cloak
 r - a +0 pair of boots (worn)
 u - the +0 chain mail "Mytwyps" (worn) {rPois rF+ rN++}
   (You found it on level 7 of the Dungeon)

   rF:        It protects you from fire.
   rPois:     It protects you from poison.
   rN:        It greatly protects you from negative energy.
 w - a +0 plate armour
Jewellery
 m - a ring of willpower (left hand)
 t - a ring of resist corrosion (right hand)
Wands
 v - a wand of digging (6)
Scrolls
 e - a scroll of identify
 h - 2 scrolls of teleportation
Potions
 a - 4 potions of haste
 d - 2 potions of might
 f - 2 potions of enlightenment
 j - a potion of resistance
 l - 2 potions of cancellation
 n - 3 potions of curing
 o - a potion of mutation
 p - a potion of magic
 s - a potion of attraction
 x - a potion of degeneration {unknown}

Dungeon Overview and Level Annotations

Branches:
Dungeon (9/15)             Temple (1/1) D:4           Sewer (visited)
   Lair: D:8-11         Orc: D:9-12

Altars:
Ashenzari
Cheibriados
Dithmenos
Elyvilon
Fedhas
Gozag
Hepliaklqana
Kikubaaqudgha
Makhleb
Nemelex Xobeh
Okawaru
Qazlal
Ru
Sif Muna
Trog
Uskayaw
Vehumet
Wu Jian
Xom
Yredelemnul
Zin
The Shining One

Shops:
D:3 *   D:5 [


Message History

Enter note:
Enter note:
Enter note:
Enter note:
Enter note:
Enter note: A two-headed ogre comes into view.
It is wielding two +0 giant clubs.
The two-headed ogre shouts in stereo!
Enter note:
Enter note:
Enter note:
Enter note:
Enter note:
Enter note:
9103 ||| INVOKING Heroism.
You gain the combat prowess of a mighty hero.
You throw a boomerang. The boomerang hits the two-headed ogre.
The two-headed ogre is lightly wounded.
You throw a boomerang.
The boomerang barely misses the two-headed ogre.
You throw a boomerang.
The boomerang closely misses the two-headed ogre.
You throw a boomerang. The boomerang hits the two-headed ogre!
The two-headed ogre is lightly wounded.
You hit the two-headed ogre.
The two-headed ogre is moderately wounded.
The two-headed ogre hits you with a +0 giant club! x2
You slash the two-headed ogre!
The two-headed ogre is moderately wounded.
You slash the two-headed ogre!
The two-headed ogre is severely wounded.
You block the two-headed ogre's attack.
The two-headed ogre hits you with a +0 giant club!!
9111 ||| READING 3 scrolls of teleportation.
As you read the scroll of teleportation, it crumbles to dust.
You feel strangely unstable.
You slash the two-headed ogre!
The two-headed ogre is almost dead.
The two-headed ogre hits you with a +0 giant club!!
You die...

#.#.#|..>#.#..#
#.#.######.#..#
#.#......%.#..#
#..########...####
#................#
####......#...####
######.#####
#.#########
#..@O......
###########


You could see a two-headed ogre.

Vanquished Creatures
  A two-headed ogre (D:8)
  Sigmund (D:5)
  2 wyverns
  3 yaks (D:9)
  4 steam dragons
  An acid dragon (D:9)
  Edmund (D:5)
  2 sky beasts
  A black bear (D:5)
  An ice beast (D:5)
  3 orc warriors
  3 phantoms
  4 bullfrogs
  2 kobold brigands
  4 scorpions
  15 wights
  9 killer bees
  3 hounds
  3 orc priests
  A sleepcap (D:5)
  2 iguanas (D:7)
  An orc wizard (D:9)
  Ijyb (D:5)
  A gnoll (D:7)
  12 adders
  5 river rats
  2 shadow imps
  4 worms
  26 orcs
  10 ball pythons
  5 endoplasms
  4 giant cockroaches
  10 goblins
  5 hobgoblins
  5 jackals
  4 quokkas
  4 bats
  7 frilled lizards
  23 kobolds
  9 rats
204 creatures vanquished.

Notes
Turn   | Place    | Note
-------+----------+-------------------------------------------
     0 | D:1      | qw the Gargoyle Fighter began the quest for the Orb.
     0 | D:1      | Reached XP level 1. HP: 14/14 MP: 1/1
     0 | D:1      | 0 ||| qw: Version: 0.3-a-32-g5962c71
     0 | D:1      | 0 ||| qw: Game counter: 7423
     0 | D:1      | 0 ||| qw: Melee chars always use a shield: true
     0 | D:1      | 0 ||| qw: God list: Okawaru
     0 | D:1      | 0 ||| qw: Allow faded altars: false
     0 | D:1      | 0 ||| qw: Do Orc after clearing Dungeon:15 true
     0 | D:1      | 0 ||| qw: Do second Lair branch before Depths: true
     0 | D:1      | 0 ||| qw: Lair rune preference: random
     0 | D:1      | 0 ||| qw: Goals: Normal, Zot:1-4, Slime:5, God:TSO, Crypt,
                  | Tomb, Abyss, Pan, Hells, Win
     0 | D:1      | 0 ||| PLANNING D:1-11
    63 | D:1      | Reached skill level 2 in Axes
   226 | D:1      | Reached XP level 2. HP: 19/19 MP: 2/2
   331 | D:1      | 331 ||| Stepping ~*~*~tactically~*~*~ (stealth).
   332 | D:1      | 332 ||| Stepping ~*~*~tactically~*~*~ (stealth).
   347 | D:1      | 347 ||| DROPPING +0 club.
   407 | D:1      | 407 ||| Stepping ~*~*~tactically~*~*~ (stealth).
   496 | D:1      | 496 ||| Stepping ~*~*~tactically~*~*~ (stealth).
   529 | D:1      | 529 ||| Stepping ~*~*~tactically~*~*~ (stealth).
   531 | D:1      | 531 ||| Stepping ~*~*~tactically~*~*~ (stealth).
   614 | D:1      | 614 ||| Stepping ~*~*~tactically~*~*~ (hiding).
   616 | D:1      | 616 ||| Stepping ~*~*~tactically~*~*~ (hiding).
   629 | D:1      | Reached skill level 3 in Axes
   636 | D:1      | Reached XP level 3. HP: 21/23 MP: 3/3
   956 | D:1      | 956 ||| READING scroll labelled WOGUENN PIRA.
  1057 | D:1      | 1057 ||| READING scroll labelled MERAJA ETE.
  1061 | D:1      | 1061 ||| READING scroll labelled FOTSUD XUXOUD.
  1130 | D:2      | 1130 ||| Stepping ~*~*~tactically~*~*~ (stealth).
  1131 | D:2      | 1131 ||| Stepping ~*~*~tactically~*~*~ (stealth).
  1134 | D:2      | 1134 ||| Stepping ~*~*~tactically~*~*~ (stealth).
  1187 | D:2      | 1187 ||| Stepping ~*~*~tactically~*~*~ (stealth).
  1329 | D:2      | Found a faded altar of an unknown god.
  1689 | D:2      | Reached XP level 4. HP: 26/28 MP: 4/4
  1964 | D:2      | 1964 ||| DROPPING ring of wizardry.
  1965 | D:2      | 1965 ||| UPGRADING to ring of willpower.
  1966 | D:2      | 1966 ||| READING scroll labelled PEHEAT VOUXUR.
  1967 | D:2      | 1967 ||| READING scroll labelled FATA HOTONIUGRU.
  1968 | D:2      | 1968 ||| READING scroll labelled GUYSUE HIPIFF.
  2207 | D:3      | Reached skill level 4 in Axes
  2249 | D:3      | 2249 ||| Stepping ~*~*~tactically~*~*~ (stealth).
  2250 | D:3      | 2250 ||| Stepping ~*~*~tactically~*~*~ (stealth).
  2299 | D:3      | Found Tiweyfah's Assorted Antiques.
  2315 | D:3      | 2315 ||| BUYING amethyst potion (22 gold).
  2315 | D:3      | Bought an amethyst potion for 22 gold pieces
  2315 | D:3      | 2315 ||| BUYING forked brass wand (100 gold).
  2315 | D:3      | Bought a forked brass wand for 100 gold pieces
  2315 | D:3      | 2315 ||| SHOPLISTING potion of might (100 gold, have 16).
  2315 | D:3      | 2315 ||| SHOPLISTING runed kite shield (187 gold, have 16).
  2315 | D:3      | 2315 ||| SHOPLISTING scroll of identify (50 gold, have 16).
  2315 | D:3      | 2315 ||| SHOPLISTING scroll of teleportation (75 gold, have
                  | 16).
  2315 | D:3      | 2315 ||| SHOPLISTING slimy leather armour (175 gold, have
                  | 16).
  2538 | D:3      | 2538 ||| DROPPING +0 whip.
  2740 | D:3      | 2740 ||| READING scroll labelled PEKHLU QUNOE.
  2741 | D:3      | 2741 ||| READING scroll labelled UTRUVU VOHE.
  2742 | D:3      | 2742 ||| READING scroll labelled KIHAVE AZUCE.
  2743 | D:3      | 2743 ||| DRINKING 2 green potions.
  2744 | D:3      | 2744 ||| DRINKING 2 amethyst potions.
  2745 | D:3      | 2745 ||| READING 4 scrolls of identify.
  2745 | D:3      | 2745 ||| IDENTIFYING coppery potion
  2746 | D:3      | 2746 ||| READING 3 scrolls of identify.
  2746 | D:3      | 2746 ||| IDENTIFYING yellow potion
  2747 | D:3      | 2747 ||| DROPPING wand of iceblast (7).
  2748 | D:3      | 2748 ||| DROPPING potion of ambrosia.
  2792 | D:4      | 2792 ||| PLANNING SEWER
  2916 | D:4      | 2916 ||| Stepping ~*~*~tactically~*~*~ (stealth).
  2921 | D:4      | Reached skill level 1 in Throwing
  2934 | D:4      | Found a staircase to the Ecumenical Temple.
  2955 | D:4      | Reached XP level 5. HP: 32/32 MP: 5/5
  2975 | D:4      | 2975 ||| DROPPING +0 mace of protection.
  3256 | D:4      | 3256 ||| Stepping ~*~*~tactically~*~*~ (water).
  3301 | D:4      | 3301 ||| Stepping ~*~*~tactically~*~*~ (water).
  3303 | D:4      | 3303 ||| Stepping ~*~*~tactically~*~*~ (water).
  3367 | D:4      | Found a glowing drain.
  3368 | D:4      | 3368 ||| READING 3 scrolls labelled DIROSEFEKI.
  3369 | D:4      | 3369 ||| READING 2 scrolls of identify.
  3369 | D:4      | 3369 ||| IDENTIFYING bubbling cyan potion
  3370 | D:4      | 3370 ||| DROPPING 2 scrolls of immolation.
  3374 | Sewer    | Entered a sewer
  3383 | Sewer    | 3383 ||| Stepping ~*~*~tactically~*~*~ (water).
  3407 | Sewer    | 3407 ||| Stepping ~*~*~tactically~*~*~ (water).
  3411 | Sewer    | 3411 ||| Stepping ~*~*~tactically~*~*~ (water).
  3443 | Sewer    | Reached skill level 5 in Axes
  3521 | Sewer    | 3521 ||| READING scroll of enchant weapon.
  3521 | Sewer    | 3521 ||| ENCHANTING +1 war axe.
  3586 | Sewer    | Noticed a kobold brigand
  3587 | Sewer    | 3587 ||| Stepping ~*~*~tactically~*~*~ (hiding).
  3595 | Sewer    | Killed a kobold brigand
  3596 | Sewer    | Reached XP level 6. HP: 39/39 MP: 6/6
  4051 | Sewer    | 4051 ||| READING scroll labelled NOUDETETAO.
  4052 | Sewer    | 4052 ||| DRINKING 2 dark potions.
  4053 | Sewer    | 4053 ||| DRINKING 2 ruby potions.
  4058 | D:4      | 4058 ||| PLANNING TEMPLE
  4136 | Temple   | Entered the Ecumenical Temple
  4144 | Temple   | 4144 ||| PLANNING OKAWARU WORSHIP
  4358 | Temple   | Became a worshipper of Warmaster Okawaru
  4359 | Temple   | 4359 ||| PLANNING D:1-11
  4378 | D:5      | Entered Level 5 of the Dungeon
  4378 | D:5      | Noticed Ijyb
  4379 | D:5      | 4379 ||| PLANNING OSSUARY
  4389 | D:5      | Killed Ijyb
  4390 | D:5      | Reached skill level 1 in Dodging
  4449 | D:5      | Found Ypheizem's Antique Armour Emporium.
  4540 | D:5      | 4540 ||| BUYING cloak (130 gold).
  4540 | D:5      | Bought a cloak for 130 gold pieces
  4540 | D:5      | 4540 ||| SHOPLISTING helmet (130 gold, have 9).
  4540 | D:5      | 4540 ||| SHOPLISTING pair of fine gloves (275 gold, have
                  | 9).
  4540 | D:5      | 4540 ||| SHOPLISTING plate armour (667 gold, have 9).
  4621 | D:5      | Noticed Sigmund
  4622 | D:5      | 4622 ||| Stepping ~*~*~tactically~*~*~ (hiding).
  4636 | D:5      | Killed Sigmund
  4637 | D:5      | Reached skill level 6 in Axes
  4637 | D:5      | Reached XP level 7. HP: 26/44 MP: 7/7
  4638 | D:5      | 4638 ||| Stepping ~*~*~tactically~*~*~ (stealth).
  4639 | D:5      | 4639 ||| Stepping ~*~*~tactically~*~*~ (stealth).
  4646 | D:5      | 4646 ||| Stepping ~*~*~tactically~*~*~ (stealth).
  4720 | D:5      | 4720 ||| Stepping ~*~*~tactically~*~*~ (stealth).
  4731 | D:5      | Reached * piety under Okawaru
  4750 | D:5      | 4750 ||| Stepping ~*~*~tactically~*~*~ (stealth).
  4751 | D:5      | 4751 ||| INVOKING Heroism.
  4754 | D:5      | Reached skill level 7 in Axes
  4807 | D:5      | 4807 ||| Stepping ~*~*~tactically~*~*~ (stealth).
  4977 | D:5      | Reached XP level 8. HP: 49/49 MP: 8/8
  5058 | D:5      | 5058 ||| INVOKING Heroism.
  5117 | D:5      | 5117 ||| RIP OSSUARY
  5230 | D:5      | 5230 ||| PLANNING D:1-11
  5287 | D:5      | Noticed Edmund
  5288 | D:5      | 5288 ||| INVOKING Heroism.
  5299 | D:5      | HP: 9/49 [Edmund/+1 dire flail of protection (7)]
  5300 | D:5      | 5300 ||| READING 4 scrolls of teleportation.
  5301 | D:5      | 5301 ||| DRINKING 2 potions of heal wounds.
  5302 | D:5      | 5302 ||| INVOKING Heroism.
  5303 | D:5      | Killed Edmund
  5304 | D:5      | Reached skill level 8 in Axes
  5520 | D:5      | 5520 ||| UPGRADING to +0 chain mail.
  5530 | D:5      | 5530 ||| DROPPING +0 scale mail.
  5531 | D:5      | 5531 ||| UPGRADING to +0 cloak.
  5536 | D:5      | 5536 ||| DROPPING amulet of magic regeneration.
  5537 | D:5      | 5537 ||| UPGRADING to ring of resist corrosion.
  5567 | D:6      | 5567 ||| Stepping ~*~*~tactically~*~*~ (stealth).
  5569 | D:6      | 5569 ||| Stepping ~*~*~tactically~*~*~ (stealth).
  5592 | D:6      | 5592 ||| Stepping ~*~*~tactically~*~*~ (hiding).
  5593 | D:6      | 5593 ||| Stepping ~*~*~tactically~*~*~ (hiding).
  5598 | D:6      | 5598 ||| INVOKING Heroism.
  5636 | D:6      | Reached skill level 6 in Fighting
  5696 | D:6      | Reached skill level 1 in Invocations
  5715 | D:6      | 5715 ||| INVOKING Heroism.
  5721 | D:6      | 5721 ||| Stepping ~*~*~tactically~*~*~ (cloud).
  5852 | D:6      | 5852 ||| INVOKING Heroism.
  5861 | D:6      | Reached skill level 3 in Invocations
  5861 | D:6      | Reached XP level 9. HP: 54/55 MP: 9/11
  6066 | D:6      | 6066 ||| Stepping ~*~*~tactically~*~*~ (stealth).
  6102 | D:6      | Found a shimmering blue altar of Sif Muna.
  6103 | D:6      | Found a glowing silver altar of Zin.
  6104 | D:6      | Found a hazy altar of Hepliaklqana.
  6105 | D:6      | Found a broken altar of Ashenzari.
  6210 | D:6      | 6210 ||| INVOKING Heroism.
  6217 | D:6      | Reached skill level 9 in Axes
  6301 | D:6      | 6301 ||| UPGRADING to scarf of resistance.
  6311 | D:6      | 6311 ||| READING 3 scrolls of identify.
  6311 | D:6      | 6311 ||| IDENTIFYING fuming brown potion
  6312 | D:6      | 6312 ||| READING 2 scrolls of identify.
  6312 | D:6      | 6312 ||| IDENTIFYING fuming blue potion
  6415 | D:7      | 6415 ||| DROPPING +0 flail.
  6497 | D:7      | 6497 ||| Stepping ~*~*~tactically~*~*~ (stealth).
  6509 | D:7      | 6509 ||| INVOKING Heroism.
  6702 | D:7      | 6702 ||| INVOKING Heroism.
  7048 | D:7      | Identified the +0 chain mail "Mytwyps" {rPois rF+ rN++}
  7151 | D:7      | 7151 ||| UPGRADING to +0 chain mail "Mytwyps" {rPois rF+
                  | rN++}.
  7161 | D:7      | 7161 ||| DROPPING +0 chain mail.
  7176 | D:8      | 7176 ||| INVOKING Heroism.
  7605 | D:8      | 7605 ||| Stepping ~*~*~tactically~*~*~ (stealth).
  7651 | D:8      | Noticed a two-headed ogre
  7652 | D:8      | 7652 ||| INVOKING Heroism.
  7661 | D:8      | HP: 8/57 [two-headed ogre/+0 giant club (19)]
  7662 | D:8      | Reached skill level 10 in Axes
  7662 | D:8      | 7662 ||| READING 4 scrolls of teleportation.
  7663 | D:8      | 7663 ||| DRINKING potion of heal wounds.
  7671 | D:8      | 7671 ||| Stepping ~*~*~tactically~*~*~ (stealth).
  7673 | D:8      | 7673 ||| INVOKING Heroism.
  7675 | D:8      | Killed a two-headed ogre
  7675 | D:8      | Reached ** piety under Okawaru
  7676 | D:8      | Reached XP level 10. HP: 41/65 MP: 10/13
  7763 | D:8      | 7763 ||| DROPPING +0 morningstar.
  8017 | D:8      | 8017 ||| UPGRADING to +0 pair of boots.
  8022 | D:8      | 8022 ||| READING scroll labelled RIUTHAANLI.
  8023 | D:8      | 8023 ||| DRINKING 2 orange potions.
  8024 | D:8      | 8024 ||| READING 3 scrolls of identify.
  8024 | D:8      | 8024 ||| IDENTIFYING viscous grey potion
  8025 | D:8      | 8025 ||| READING 2 scrolls of identify.
  8025 | D:8      | 8025 ||| IDENTIFYING fizzy emerald potion
  8026 | D:8      | 8026 ||| DROPPING potion of berserk rage.
  8027 | D:8      | 8027 ||| DROPPING potion of brilliance.
  8180 | D:9      | Identified the +0 ring mail "Uhebioz" {rPois rC+ Str+2}
  8211 | D:9      | 8211 ||| INVOKING Heroism.
  8313 | D:9      | 8313 ||| Stepping ~*~*~tactically~*~*~ (stealth).
  8320 | D:9      | 8320 ||| Stepping ~*~*~tactically~*~*~ (stealth).
  8324 | D:9      | 8324 ||| Stepping ~*~*~tactically~*~*~ (stealth).
  8326 | D:9      | 8326 ||| Stepping ~*~*~tactically~*~*~ (hiding).
  8538 | D:9      | 8538 ||| Stepping ~*~*~tactically~*~*~ (hiding).
  8539 | D:9      | 8539 ||| Stepping ~*~*~tactically~*~*~ (hiding).
  8540 | D:9      | 8540 ||| Stepping ~*~*~tactically~*~*~ (hiding).
  8541 | D:9      | 8541 ||| Stepping ~*~*~tactically~*~*~ (hiding).
  8573 | D:9      | 8573 ||| INVOKING Heroism.
  8644 | D:9      | 8644 ||| Stepping ~*~*~tactically~*~*~ (stealth).
  8686 | D:9      | 8686 ||| INVOKING Heroism.
  8800 | D:9      | 8800 ||| Stepping ~*~*~tactically~*~*~ (hiding).
  8891 | D:9      | 8891 ||| INVOKING Heroism.
  8906 | D:9      | Reached skill level 11 in Axes
  8925 | D:9      | 8925 ||| Stepping ~*~*~tactically~*~*~ (hiding).
  8927 | D:9      | 8927 ||| Stepping ~*~*~tactically~*~*~ (hiding).
  8928 | D:9      | 8928 ||| Stepping ~*~*~tactically~*~*~ (hiding).
  9102 | D:9      | Noticed a two-headed ogre
  9103 | D:9      | 9103 ||| INVOKING Heroism.
  9110 | D:9      | HP: 14/65 [two-headed ogre/+0 giant club (21)]
  9111 | D:9      | 9111 ||| READING 3 scrolls of teleportation.
  9112 | D:9      | Mangled by a two-headed ogre

Levels and vault maps discovered:
D:1:      nicolae_arrival_memento_mori, layout_loops_ring,
          lexackson_kobold_supper
D:2:      layout_loops_corners, chequers_ecumenical_altar_island,
          amcnicky_mini_rare_corridor_liquid
D:3:      layout_basic, serial_shops, nicolae_shop_overgrown_old_shop
D:4:      layout_cave_pools, minmay_temple_entry_offerings,
          gup_sewer_entry_spiral
D:5:      layout_basic, chequers_ossuary_entry_cave, serial_shops, shop,
          uniq_edmund, uniq_ijyb, uniq_sigmund
D:6:      layout_rooms, mainiacjoe_overflow_alcove_3,
          chequers_serial_rivers_marsh, grunt_decor_resistance, lightli_minifort
D:7:      layout_basic, nrook_mini_backslash, grunt_decor_fettered,
          minmay_circle_x
D:8:      layout_gridville
D:9:      layout_basic, enter_bailey_3, reono_crystal_passage,
          minmay_gold_behind_fungi, minivault_21, nicolae_sextant
Temple:   mainiacjoe_temple_bowtie_tessellation

Skill      XL: |  1  2  3  4  5  6  7  8  9 10 |
---------------+-------------------------------+-----
Axes           | 2 3 4 5 6 7 8 10 11 | 11.0
Throwing       | 1 |  1.2
Fighting       | 4 5 6 8 |  8.8
Dodging        | 1 |  1.6
Invocations    | 3 4 |  4.1
Shields        | 4 5 |  5.1
Armour         | 4 5 |  5.0

Action                     |  1- 3 |  4- 6 |  7- 9 | 10-12 || total
---------------------------+-------+-------+-------+-------++-------
  Melee: War axe           |   119 |   179 |   221 |   122 ||   641
  Throw: Javelin           |       |    40 |       |       ||    40
         Boomerang         |       |       |    23 |    24 ||    47
 Invoke: Heroism           |       |       |    13 |     5 ||    18
    Use: Scroll            |     3 |    12 |     4 |     4 ||    23
         Potion            |       |     4 |     2 |     1 ||     7
 Armour: Scale mail        |    44 |    69 |    26 |       ||   139
         Chain mail        |       |       |    66 |    43 ||   109
  Dodge: Dodged            |    46 |    75 |    74 |    49 ||   244
  Block: Buckler           |    20 |    33 |    47 |    21 ||   121

Table legend:
 A = Non-vault XP
 B = Vault XP
 C = Vault XP percentage of total XP
 D = Non-vault monster count
 E = Vault monster count
 F = Vault count percentage of total count
                 A         B        C        D         E       F
            +---------+---------+-------+---------+---------+-------
      Total |    6668 |    1153 |  14.7 |     151 |      53 |  26.0
            +---------+---------+-------+---------+---------+-------
        D:1 |      31 |      12 |  27.9 |      19 |       8 |  29.6
        D:2 |      39 |       0 |   0.0 |      18 |       0 |   0.0
        D:3 |      45 |       0 |   0.0 |      13 |       0 |   0.0
        D:4 |      45 |      59 |  56.7 |      14 |       7 |  33.3
        D:5 |     758 |     425 |  35.9 |      15 |       3 |  16.7
        D:6 |    1061 |     172 |  13.9 |      17 |       4 |  19.0
        D:7 |     732 |     268 |  26.8 |       8 |       7 |  46.7
        D:8 |    1710 |       0 |   0.0 |      12 |       0 |   0.0
        D:9 |    2247 |       8 |   0.4 |      35 |       4 |  10.3
      Sewer |       0 |     209 | 100.0 |       0 |      20 | 100.0
            +---------+---------+-------+---------+---------+-------
